AoeStats
← GandalfTheRipper

Arena

509194211Analyzed
3v3 RM · 7d ago on Sep 25, 2026· 68m 31s· 6 players
Game mode
Random Map
Map size
Normal (6 player)
Population
200
Speed
Normal
Resources
Standard
Victory
Conquest
Starting age
Dark Age
Ending age
Imperial Age
RankedLock teamsTeams togetherTeam positionsShared explorationLock speedFull tech treeHidden civsTurbo modeCheats
Victory
Defeat
🇧🇷 Varangians · Brazil
537
+11
🇶🇦 Romans · Qatar
457
+14
🇬🇧 Sicilians · United Kingdom
379
+17
🇬🇧 Teutons · United Kingdom
489
-17
🇺🇸 Saxons · United States
446
-15
🇻🇪 Celts · Venezuela
297
-10
GandalfTheRipper
0:59 Loom
13:43 Feudal Age
15:25 Horse Collar
15:35 Double-Bit Axe
15:48 Stone Mining
15:51 Gold Mining
20:56 Wheelbarrow
22:53 Castle Age
26:56 Gold Shaft Mining
28:25 Heavy Plow
33:02 Gambesons
33:19 Squires
32:39 Pikeman
33:05 Arson
41:07 Imperial Age
39:13 Bow Saw
40:09 Thumb Ring
39:27 Crossbowman
41:05 Scale Mail Armor
41:16 Forging
40:56 Fletching
41:07 Padded Archer Armor
43:25 Ballistics
44:10 Chemistry
43:07 Murder Holes
43:01 Arrowslits
44:42 Arbalester
46:29 Hand Cart
47:13 Caravan
47:55 Bodkin Arrow
48:15 Leather Archer Armor
51:43 Elite Hearth Troop
68:09 Chain Mail Armor
68:24 Ring Archer Armor
CarlosJesus2904
4:56 Loom
12:23 Feudal Age
13:02 Double-Bit Axe
17:16 Wheelbarrow
21:47 Horse Collar
22:14 Man-at-Arms
22:41 Arson
24:12 Town Watch
25:31 Gold Mining
28:42 Castle Age
28:22 Fletching
28:32 Padded Archer Armor
28:33 Scale Mail Armor
28:47 Stone Mining
29:37 Crossbowman
29:42 Pikeman
30:08 Gambesons
31:50 Bodkin Arrow
32:10 Leather Archer Armor
36:12 Heavy Plow
36:37 Ballistics
36:07 Guard Tower
36:16 Murder Holes
37:03 Gold Shaft Mining
36:40 Bow Saw
37:36 Stone Shaft Mining
37:28 Forging
37:24 Scale Barding Armor
37:35 Chain Mail Armor
38:19 Hand Cart
39:25 Fervor
42:24 Town Patrol
45:19 Imperial Age
42:52 Stronghold
44:46 Iron Casting
44:31 Chain Barding Armor
44:28 Masonry
46:10 Halberdier
47:38 Ring Archer Armor
PersianStallion
9:40 Feudal Age
10:06 Double-Bit Axe
14:27 Horse Collar
21:31 Castle Age
19:34 Stone Mining
20:36 Gold Mining
23:04 Wheelbarrow
22:45 Heavy Plow
25:06 Man-at-Arms
25:32 Gambesons
28:29 Bow Saw
36:13 Hand Cart
41:36 Imperial Age
42:44 Elite Teutonic Knight
45:09 Hoardings
44:57 Ironclad
47:11 Stone Shaft Mining
49:41 Cavalier
50:34 Bloodlines
51:30 Scale Barding Armor
51:26 Scale Mail Armor
51:36 Forging
51:27 Padded Archer Armor
51:51 Caravan
54:17 Chemistry
53:37 Ballistics
57:19 Chain Mail Armor
57:40 Iron Casting
57:25 Chain Barding Armor
57:21 Leather Archer Armor
56:57 Fletching
Puro_Osso
13:29 Feudal Age
15:36 Wheelbarrow
15:35 Double-Bit Axe
16:24 Bloodlines
16:34 Loom
30:17 Forging
30:08 Scale Mail Armor
30:14 Scale Barding Armor
30:25 Scale Barding Armor
34:24 Castle Age
35:09 Husbandry
42:57 Bow Saw
49:45 Gold Mining
49:46 Stone Mining
51:29 Hand Cart
55:55 Stone Shaft Mining
55:59 Iron Casting
55:40 Chain Mail Armor
56:09 Chain Barding Armor
64:57 Imperial Age
65:06 Cavalier
66:05 Vendel Legacy
68:59 Plate Barding Armor
krissy2b3
0:42 Loom
14:24 Feudal Age
15:02 Horse Collar
15:25 Double-Bit Axe
19:46 Wheelbarrow
18:57 Town Watch
20:22 Gold Mining
21:25 Stone Mining
23:19 Bloodlines
34:07 Forging
33:47 Fletching
33:58 Padded Archer Armor
33:58 Scale Mail Armor
34:04 Scale Barding Armor
49:49 Castle Age
50:39 Pikeman
51:22 Light Cavalry
52:03 Husbandry
51:47 Elite Skirmisher
52:45 Crossbowman
54:56 Murder Holes
55:23 Ballistics
54:56 Heated Shot
55:36 Caravan
56:08 Bow Saw
56:16 Heavy Plow
57:30 Masonry
58:03 Hand Cart
61:15 First Crusade
62:06 Iron Casting
61:48 Leather Archer Armor
64:07 Coinage
TheDon
13:41 Feudal Age
16:26 Wheelbarrow
15:39 Double-Bit Axe
15:37 Horse Collar
17:41 Stone Mining
17:43 Gold Mining
20:22 Castle Age
22:10 Hand Cart
22:08 Bow Saw
22:00 Heavy Plow
26:30 Gold Shaft Mining
33:29 Imperial Age
32:25 Fletching
32:44 Murder Holes
33:02 Fortified Wall
33:04 Masonry
33:15 Ballistics
34:21 Siege Engineers
35:17 Chemistry
34:09 Loom
34:52 Town Watch
36:10 Crop Rotation
36:22 Conscription
36:08 Ballistas
36:33 Town Patrol
39:29 Pikeman
39:30 Man-at-Arms
40:11 Squires
39:33 Heavy Scorpion
42:33 Architecture
42:38 Comitatenses
43:50 Halberdier
43:50 Long Swordsman
44:30 Bodkin Arrow
44:46 Forging
44:37 Scale Mail Armor
44:38 Padded Archer Armor
46:01 Legionary
56:23 Iron Casting
56:04 Chain Mail Armor
56:05 Leather Archer Armor
63:21 Elite Skirmisher
66:47 Blast Furnace
66:18 Ring Archer Armor
65:54 Scale Barding Armor
Connection lost

Rejoining the realm…

Still unreachable

The connection could not be restored.

Session expired

The server has moved on; the page needs a fresh start.